 Dungeon Crawl Stone Soup version 0.20.0-10-g0535bb4 (webtiles) character file.

122 fougny the Conjurer (level 4, -4/34 HPs)
             Began as a Draconian Conjurer on June 5, 2017.
             Slain by a hobgoblin
             ... wielding a +0 mace
              (7 damage)
             ... on level 3 of the Dungeon.
             The game lasted 00:37:11 (2245 turns).

fougny the Conjurer (Draconian Conjurer)            Turns: 2245, Time: 00:37:12

Health: -4/34      AC:  5    Str: 10    XL:     4   Next: 78%
Magic:  1/7        EV: 12    Int: 16    God:
Gold:   132        SH:  0    Dex: 12    Spells: 5/8 levels left

rFire    . . .     SeeInvis .   d - +1 dagger
rCold    . . .     Gourm    .   (no shield)
rNeg     . . .     Faith    .   (armour unavailable)
rPois    .         Spirit   .   (helmet restricted)
rElec    .         Reflect  .   (no cloak)
rCorr    .         Harm     .   (no gloves)
MR       .....                  (no boots)
Stlth    +++.......             (no amulet)
Regen    0.2/turn               h - ring of stealth
MPRegen  0.1/turn               (no ring)

@: no status effects
A: unfitting armour, cold-blooded, AC +5
a: no special abilities


You were on level 3 of the Dungeon.
You were not hungry.

You visited 1 branch of the dungeon, and saw 3 of its levels.

You collected 132 gold pieces.

Inventory:

Hand Weapons
 b - a +0 club
 c - a +0 club
 d - a +1 dagger (weapon)
 e - a +0 dagger
 g - a +0 club
 i - a +0 whip
 k - a +0 dagger
 l - a +0 hunting sling
 n - a +0 whip
 o - a +0 club
 p - a +0 dagger
 s - a +0 club
 x - a +0 hunting sling
Missiles
 f - 61 arrows
 j - 93 stones (quivered)
 m - 38 sling bullets
Armour
 r - a +0 ring mail
 C - a +0 leather armour
Jewellery
 h - a ring of stealth (left hand)
Scrolls
 t - 3 scrolls of identify
 G - a scroll of fog
Potions
 u - a potion of agility
 A - a potion of cancellation
Books
 a - a book of Conjurations

   Spells                             Type                      Level
   a - Magic Dart                     Conjuration                  1
   b - Searing Ray                    Conjuration                  2
   c - Dazzling Spray                 Conjuration/Hexes            3
   d - Fulminant Prism                Conjuration/Hexes            4
   e - Force Lance                    Conjuration/Translocation    4
   f - Iskenderun's Mystic Blast      Conjuration                  4
Comestibles
 q - a bread ration
 B - a royal jelly
 D - 2 meat rations
 F - 3 fruits


   Skills:
 + Level 0.4 Fighting
 + Level 0.8 Short Blades
 + Level 2.4 Dodging
 + Level 2.1 Stealth
 + Level 2.6 Spellcasting
 + Level 5.2 Conjurations


You had 5 spell levels left.
You knew the following spells:

 Your Spells              Type           Power        Failure   Level  Hunger
a - Magic Dart            Conj           ###.         2%          1    #......
b - Searing Ray           Conj           ###...       3%          2    ##.....


Dungeon Overview and Level Annotations

Branches:
Dungeon (3/15)

Altars:
Uskayaw
Vehumet


Innate Abilities, Weirdness & Mutations

Your plain brown scales are hard. (AC +5)
You cannot fit into any form of body armour.
You are cold-blooded and may be slowed by cold attacks.


Message History

The hobgoblin is severely wounded.
The hobgoblin closely misses you.
You completely miss the hobgoblin.
The hobgoblin is severely wounded.
The hobgoblin drinks a potion.
The hobgoblin is healed!
You closely miss the hobgoblin. The hobgoblin closely misses you.
You hit the hobgoblin.
The hobgoblin is lightly wounded.
You barely miss the hobgoblin.
The hobgoblin is lightly wounded.
The hobgoblin hits you with a mace.
* * * LOW HITPOINT WARNING * * *
You hit the hobgoblin but do no damage.
The hobgoblin is lightly wounded.
The hobgoblin hits you with a mace.
* * * LOW HITPOINT WARNING * * *
You hit the hobgoblin but do no damage.
The hobgoblin is lightly wounded.
The hobgoblin hits you with a mace!
You die...

#...^............# #.#
######................#########.#
.........................))......
..########################)####..
..# ..........$....##.###### ..#
#...#...#...#..##....... ..#
.............._##....... ..#
#...#...#...#..##....... ..#
.......@g......##....... .....#
#################....... g.....
#....... ...... #....... ......
#....... ####.. #)###.## .. #.#
#.# ##.###.# #...##.#


You could see a hobgoblin.

Vanquished Creatures
  Robin (D:3)
  3 adders
  An ooze (D:2)
  2 worms (D:2)
  2 dart slugs
  A leopard gecko (D:2)
  5 bats
  4 giant cockroaches
  16 goblins
  11 hobgoblins
  4 jackals (D:1)
  5 kobolds
  2 frilled lizards
  A quokka zombie (D:3)
  2 rats (D:1)
60 creatures vanquished.

Vanquished Creatures (others)
  An adder (D:2)
  A dart slug (D:2)
  A hobgoblin (D:2)
  A bat (D:2)
4 creatures vanquished.

Grand Total: 64 creatures vanquished

Notes
Turn   | Place    | Note
-------+----------+-------------------------------------------
     0 | D:1      | fougny the Draconian Conjurer began the quest for the Orb.
     0 | D:1      | Reached XP level 1. HP: 14/14 MP: 3/3
   283 | D:1      | Reached XP level 2. HP: 20/20 MP: 3/5
   719 | D:1      | Learned a level 2 spell: Searing Ray
   913 | D:2      | Reached XP level 3. HP: 26/26 MP: 2/6
  1330 | D:2      | Found a radiant altar of Vehumet.
  1424 | D:2      | Reached skill level 5 in Conjurations
  1757 | D:3      | Reached XP level 4. HP: 29/33 MP: 4/7
  2051 | D:3      | Noticed Robin
  2094 | D:3      | Killed Robin
  2224 | D:3      | Found a hide-covered altar of Uskayaw.
  2245 | D:3      | Slain by a hobgoblin

Skill      XL: |  1  2  3 |
---------------+----------+-----
Dodging        | 2 |  2.4
Stealth        | 2 |  2.1
Conjurations   | 5 |  5.2
Fighting       | |  0.4
Short Blades   | |  0.8
Spellcasting   | |  2.6

Action                   |  1- 3 |  4- 6 || total
-------------------------+-------+-------++-------
Melee: Dagger            |    87 |    62 ||   149
       Tailslap          |     3 |     7 ||    10
 Cast: Magic Dart        |    59 |    32 ||    91
       Searing Ray       |     1 |       ||     1
  Use: Scroll            |     5 |     4 ||     9
       Potion            |     1 |     4 ||     5
  Eat: Bread ration      |     1 |     1 ||     2
Armor: Skin              |    43 |    17 ||    60
Dodge: Dodged            |    82 |    41 ||   123
